Map: Selva profunda EE

Players

JOSELLO - Winner!

  • Race: Terran Terran
  • League: Gold
  • Spawn Location: 1:00

Kikex - Winner!

  • Race: Protoss Protoss
  • Spawn Location: 1:00

Mario - Winner!

  • Race: Terran Terran
  • League: Gold
  • Spawn Location: 3:00

TATORREA

  • Race: Protoss Protoss
  • League: Silver
  • Spawn Location: 7:00

MrFercho

  • Race: Zerg Zerg
  • League: Silver
  • Spawn Location: 7:00

tigro

  • Race: Terran Terran
  • League: Bronze
  • Spawn Location: 7:00

VOD

Have the link to the VOD?

Description

Time

  • Played on: May 18, 2020, 8:48 p.m.
  • Length: 9:31
Show
View Real Time Build Order
Export as new Build Order

JOSELLO Terran - Winner!

Build Orders: 2 Factory 

Get SALT Encoding   

  12  0:01  SCV  
  13  0:13  SCV  
  14  0:26  SCV  
  15  0:31  Refinery  
  15  0:32  Supply Depot  
  15  0:53  SCV  
  15  0:55  Barracks  
  16  1:05  SCV  
  17  1:15  Supply Depot  
  17  1:17  SCV  
  17  1:18  Refinery  
  18  1:29  SCV  
  19  1:41  Supply Depot  
  19  1:42  SCV  
  19  1:46  Marine  
  19  1:47  Supply Depot  
  21  1:54  Factory  
  21  1:55  SCV  
  22  2:16  Marine  
  23  2:29  Barracks  
  23  2:33  SCV  
  24  2:37  Factory Tech Lab  
  24  2:39  Factory  
  24  2:45  Marine, SCV  
  26  2:57  SCV  
  27  2:59  Siege Tank  
  27  3:02  Marine  
  31  3:18  Barracks Reactor  
  31  3:22  Barracks  
  31  3:25  Factory Tech Lab  
  31  3:33  Marine  
  32  3:45  Engineering Bay  
  32  3:46  Orbital Command  
  32  3:51  Marine  
  33  3:56  Marine x2  
  35  4:12  Barracks  
  35  4:13  Barracks Tech Lab  
  35  4:16  Marine  
  36  4:17  Marine x2  
  38  4:27  Missile Turret  
  38  4:33  Combat Shield, Marine  
  39  4:41  Siege Tank  
  39  4:42  Marine  
  43  4:51  Marine x2  
  45  5:00  Barracks Reactor  
  45  5:06  Marine x2  
  47  5:15  Supply Depot  
  47  5:36  Siege Tank  
  50  6:01  Marine x3  
  50  6:02  Marine x2, Missile Turret  
  55  6:09  Supply Depot  
  55  6:29  Command Center  
  55  6:30  Marine x2, Siege Tank  
  60  6:44  Marine x3  
  63  6:57  Sensor Tower, Marine  
  44  7:11  Marine  
  44  7:12  Marine x4  
  44  7:15  Marine  
  39  7:29  Marine x2  
  40  7:36  Marine x4  
  45  7:47  Marine x2  
  47  7:53  Marine  
  48  7:58  SCV  
  49  8:08  Starport  
  49  8:11  SCV  
  50  8:23  SCV  
  51  8:35  SCV  
  52  8:47  SCV  
  47  8:55  Marine x2  
  47  8:56  Marine  
  47  9:01  Marine x3  
Show
View Real Time Build Order
Export as new Build Order

Kikex Protoss - Winner!

Build Orders: Dark Templar Rush 

Get SALT Encoding   

  12  0:01  Probe  
  13  0:13  Probe  
  14  0:25  Probe  
  15  0:30  Pylon  
  15  0:35  Assimilator  
  15  0:48  Probe  
  16  0:51  Gateway  
  16  0:58  Pylon  
  16  1:00  Probe  
  17  1:07  Assimilator  
  17  1:13  Probe  
  18  1:25  Probe (Chrono Boost)  
  19  1:37  Probe (Chrono Boost)  
  19  1:38  Cybernetics Core  
  20  2:02  Gateway  
  20  2:03  Pylon  
  20  2:07  Probe (Chrono Boost)  
  21  2:17  Probe (Chrono Boost)  
  21  2:22  Probe (Chrono Boost)  
  22  2:23  Twilight Council  
  22  2:28  Forge  
  23  2:51  Gateway  
  23  2:52  Warp Gate  
  23  2:55  Gateway  
  23  3:10  Nexus  
  23  3:15  Charge  
  23  3:23  Pylon  
  23  3:38  Dark Shrine  
  23  3:43  Gateway  
  23  4:00  Gateway  
  23  4:07  Robotics Facility  
  23  4:16  Pylon  
  23  4:23  Pylon  
  23  4:29  Pylon  
  23  4:34  Probe (Chrono Boost)  
  24  4:44  Probe (Chrono Boost)  
  25  4:51  Assimilator  
  25  4:54  Assimilator  
  25  4:55  Probe (Chrono Boost)  
  27  5:07  Photon Cannon, Probe (Chrono Boost)  
  27  5:11  Photon Cannon  
  27  5:17  Photon Cannon  
  27  5:28  Probe (Chrono Boost)  
  28  5:35  Photon Cannon  
  28  5:38  Probe (Chrono Boost)  
  29  5:43  Probe (Chrono Boost)  
  29  5:44  Dark Templar  
  29  5:45  Dark Templar  
  34  5:50  Dark Templar  
  34  5:54  Probe  
  37  6:04  Observer  
  38  6:14  Pylon  
  38  6:19  Pylon  
  38  6:20  Probe (Chrono Boost)  
  38  6:24  Warp Prism  
  41  6:32  Probe (Chrono Boost)  
  42  6:37  Probe (Chrono Boost)  
  43  6:47  Probe  
  44  6:50  Photon Cannon  
  44  6:52  Photon Cannon  
  44  6:57  Photon Cannon  
  44  6:59  Dark Templar x2  
  44  7:00  Dark Templar x2  
  48  8:15  Dark Templar x2  
  48  8:16  Dark Templar x3  
Show
View Real Time Build Order
Export as new Build Order

Mario Terran - Winner!

Build Orders:  

Get SALT Encoding   

  12  0:01  SCV  
  13  0:13  SCV  
  14  0:20  Supply Depot  
  14  0:25  SCV  
  15  0:41  SCV  
  16  0:46  Barracks  
  16  0:52  Refinery  
  16  0:53  SCV  
  17  1:05  SCV  
  18  1:18  SCV  
  19  1:30  Barracks, SCV  
  20  1:36  Supply Depot  
  20  1:42  SCV  
  21  1:49  Marine  
  23  1:54  SCV  
  23  2:04  Refinery  
  23  2:06  SCV  
  23  2:07  Marine  
  25  2:18  SCV  
  25  2:26  Barracks Tech Lab  
  25  2:30  SCV  
  25  2:32  Factory  
  26  2:39  Engineering Bay  
  27  2:48  Orbital Command  
  26  3:10  Marine x2  
  28  3:19  Supply Depot  
  28  3:27  Starport  
  28  3:28  Marine  
  29  3:35  Marine  
  29  3:40  Siege Tank  
  33  3:46  Supply Depot, Marine  
  34  3:54  Terran Infantry Weapons Level 1  
  34  3:57  Marine  
  35  4:04  Marine  
  35  4:08  Supply Depot  
  36  4:11  Armory  
  36  4:17  Starport Tech Lab  
  36  4:20  Fusion Core  
  36  4:22  Marine x2  
  38  4:31  Supply Depot  
  38  4:32  SCV  
  39  4:55  Missile Turret  
  39  5:18  Command Center  
  45  5:21  Battlecruiser  
  45  5:40  Missile Turret  
  45  5:52  Supply Depot  
  45  6:00  Missile Turret  
  45  6:06  Marine x2  
  47  6:15  Supply Depot  
  47  6:20  Missile Turret  
  47  6:23  Marine x2, SCV  
  50  6:35  SCV  
  50  6:38  Supply Depot  
  50  6:40  Missile Turret  
  50  6:41  Marine  
  51  6:47  SCV  
  52  6:55  Terran Vehicle And Ship Armor Level 1  
  52  6:56  Terran Infantry Weapons Level 2  
  52  7:00  SCV  
  53  7:12  SCV  
  54  7:17  Thor  
  54  7:19  Marine x2  
  62  7:24  SCV  
  63  7:30  Battlecruiser  
  64  7:37  Marine x2  
  43  7:55  Marine x2  
  43  7:56  SCV  
  45  8:05  SCV  
  46  8:08  SCV  
  47  8:17  SCV  
  48  8:20  Marine x2, SCV  
  51  8:29  SCV  
  51  8:32  SCV  
  53  8:38  Marine x2  
  53  8:41  SCV  
  56  8:44  SCV  
  57  8:53  SCV  
  58  8:56  Marine x2, SCV  
  61  9:08  SCV  
Show
View Real Time Build Order
Export as new Build Order

TATORREA Protoss 

Build Orders:  

Get SALT Encoding   

  12  0:02  Probe  
  13  0:19  Probe  
  14  0:30  Pylon  
  14  0:31  Probe  
  15  0:40  Assimilator  
  15  0:48  Probe  
  16  1:01  Probe  
  17  1:09  Gateway  
  17  1:13  Gateway  
  17  1:18  Probe  
  18  1:30  Probe  
  19  1:36  Pylon  
  19  1:38  Pylon  
  19  2:22  Probe  
  19  2:31  Assimilator  
  19  2:34  Probe  
  20  2:54  Forge  
  20  2:55  Cybernetics Core  
  20  2:57  Gateway  
  20  2:59  Gateway  
  20  3:07  Nexus  
  20  3:08  Pylon  
  20  3:12  Pylon  
  20  3:14  Probe  
  20  3:16  Pylon  
  20  3:19  Zealot  
  25  3:20  Pylon, Zealot  
  25  3:26  Probe  
  26  3:36  Warp Gate  
  26  3:37  Protoss Ground Weapons Level 1  
  26  3:40  Probe  
  27  4:05  Stargate  
  27  4:06  Twilight Council  
  27  4:09  Robotics Facility  
  27  4:16  Pylon  
  27  4:19  Pylon  
  27  4:22  Probe  
  29  4:24  Probe  
  29  4:28  Pylon  
  29  4:32  Pylon  
  29  4:33  Stalker x4  
  29  4:35  Assimilator  
  29  4:36  Probe  
  38  4:39  Assimilator  
  38  4:48  Probe  
  38  4:49  Probe  
  40  5:00  Probe  
  40  5:02  Probe  
  40  5:03  Oracle  
  40  5:06  Immortal  
  49  5:11  Charge  
  49  5:12  Probe  
  49  5:14  Probe  
  51  5:24  Probe  
  51  5:26  Probe  
  53  5:30  Protoss Air Weapons Level 1  
  53  5:36  Probe  
  53  5:38  Probe, Zealot x3  
  53  5:39  Zealot  
  53  5:42  Void Ray  
  67  5:45  Observer  
  67  5:49  Probe  
  69  5:50  Probe  
  70  6:00  Pylon  
  70  6:01  Probe  
  70  6:02  Probe  
  72  6:05  Pylon  
  72  6:07  Immortal  
  76  6:13  Probe, Robotics Bay  
  76  6:14  Probe  
  76  6:16  Stalker x2  
  76  6:17  Stalker  
  84  6:19  Stalker  
  84  6:25  Probe  
  87  6:26  Probe  
  55  7:22  Stalker x3  
  55  7:23  Stalker  
  46  7:55  Stalker  
Show
View Real Time Build Order
Export as new Build Order

MrFercho Zerg 

Build Orders: Pool First 

Get SALT Encoding   

  12  0:02  Drone  
  13  0:12  Drone  
  14  0:17  Overlord  
  14  0:30  Extractor  
  13  0:40  Drone x3  
  16  0:52  Spawning Pool, Drone  
  16  1:02  Drone  
  17  1:16  Drone  
  18  1:32  Extractor  
  17  2:00  Drone x3  
  20  2:07  Queen  
  22  2:11  Metabolic Boost  
  22  2:51  Overlord  
  22  2:52  Overlord x2  
  22  3:10  Drone  
  22  3:11  Hatchery  
  22  3:19  Hatchery  
  21  3:20  Zergling x2  
  21  3:21  Zergling x6  
  25  4:04  Drone x4  
  25  4:05  Drone  
  30  4:36  Roach Warren  
  29  4:40  Baneling Nest  
  28  4:58  Zergling x2  
  28  4:59  Zergling x10  
  34  5:18  Drone  
  34  5:19  Drone x2  
  37  5:25  Lair  
  37  5:32  Drone  
  38  5:37  Extractor  
  38  5:40  Drone  
  38  5:41  Drone x8  
  46  6:54  Zergling x2  
  46  6:55  Zergling x4  
  49  7:02  Zergling x16  
  49  7:57  Baneling x11  
  49  7:58  Baneling  
  49  8:01  Baneling  
  49  8:02  Baneling x7  
  49  8:05  Baneling  
  49  8:06  Baneling x5  
  49  8:10  Zergling x8  
  49  8:11  Zergling x4  
  31  9:12  Spore Crawler  
  31  9:14  Spore Crawler  
  31  9:15  Spore Crawler  
Show
View Real Time Build Order
Export as new Build Order

tigro Terran 

Build Orders:  

Get SALT Encoding   

  12  0:02  SCV  
  13  0:15  SCV  
  14  0:27  Supply Depot  
  14  0:28  SCV  
  15  0:37  Refinery  
  15  0:48  SCV, Refinery  
  16  1:10  SCV  
  17  1:22  SCV  
  18  1:34  SCV  
  18  1:36  Supply Depot  
  19  1:41  Engineering Bay  
  19  1:46  SCV  
  20  1:58  SCV  
  20  2:00  Barracks  
  21  2:43  SCV  
  22  2:45  Barracks  
  22  2:47  Barracks  
  22  2:55  SCV  
  23  3:07  SCV  
  24  3:19  SCV  
  25  3:25  Reaper  
  26  5:05  Terran Infantry Armor Level 1  
  26  5:10  Reaper x3  
  29  5:42  Reaper x2  
  31  6:06  Barracks Reactor  
  31  6:59  Terran Infantry Weapons Level 1  
  25  8:53  Factory  
Tags
 
Add a new tag
Caveats
  • Supply blocks, unpowered buildings, or Contaminate may cause inaccurate times.
  • Supply counts are checked every 10 seconds.